 Dungeon Crawl Stone Soup version 0.32-a0-834-geaf45d8 (webtiles) character file.

Game seed: 13650983095114015039

1548185 Draconius the Sorcerer (level 27, 190/190 HPs)
             Began as a Gargoyle Earth Elementalist on Mar 23, 2024.
             Was the Champion of Beogh.
             Escaped with the Orb
             ... and 3 runes on Mar 25, 2024!
             The game lasted 09:21:04 (91399 turns).

Draconius the Sorcerer (GrEE)                      Turns: 91399, Time: 09:21:04

Health: 190/190    AC: 40    Str: 17    XL:     27
Magic:  48/51      EV: 13    Int: 30    God:    Beogh [******]
Gold:   3784       SH:  8    Dex: 13    Spells: 17/75 levels left

rFire   + + +        p - staff "Dragonbane" {rElec rN+ Int+5 Dex+3 Necro}
rCold   + + +        z - +3 warlock's mirror {omnireflect}
rNeg    + + +        H - +2 robe {rC+ rF+}
rPois   ∞            (helmet restricted)
rElec   +            O - +4 dragonskin cloak {Aegis}
rCorr   .            q - +2 pair of gloves {Stlth+}
SInv    .            G - +1 pair of boots of Waklaqutz {Rampage rF+ rC+}
Will    +++++        n - amulet of the Four Winds {rN+ Will+++ Clar}
Stlth   +++          e - ring of wizardry
HPRegen 0.51/turn    g - ring "Dilare Begeff" {rF+ rC+ Int+2}
MPRegen 0.32/turn

%: reflection, clarity, rampage, wizardry (x1)
@: flying, studying Stealth
A: walk on water, sickness immunity, AC +20, big wings, negative energy
resistance 1, electricity resistance, torment resistance 1, petrification
resistance, horns 1, iridescent scales 2, berserk 1, screaming 1, weak 1
0: Orb of Zot
}: 3/15 runes: decaying, silver, gossamer
a: Renounce Religion, Smiting, Recall Apostles, Blood for Blood, Dismiss Murdo,
wizard, Dismiss Thorok, priest, Dismiss Garbold, priest


You escaped.
You worshipped Beogh.
Beogh was exalted by your worship.
You visited 12 branches of the dungeon, and saw 52 of its levels.
You visited 1 bazaar.
You visited 1 ziggurat, and saw 10 of its levels.
You also visited: Bailey, Ice Cave and Desolation.

You collected 9097 gold pieces.
You spent 5313 gold pieces at shops.

Inventory:

Hand Weapons
 j - the +5 demon whip "Spellbinder" {antimagic, disrupt, Will+}
   (You took it off a draconian knight on level 5 of the Realm of Zot)

   Will+:     It increases your willpower.
Armour
 q - a +2 pair of gloves of stealth (worn)
 z - the +3 warlock's mirror (worn) {omnireflect}
   (You acquired it on level 4 of the Dungeon)

   Omnireflect: It can block and reflect piercing ranged attacks and magical
   attacks against the wielder's willpower.
 G - the +1 pair of boots of Waklaqutz (worn) {Rampage rF+ rC+}
   (You found it on level 4 of the Vaults)

   rF+:       It protects you from fire.
   rC+:       It protects you from cold.
   Rampage:   It bestows one free step when moving towards enemies.
 H - a +2 robe of resistance (worn)
 O - the +4 dragonskin cloak (worn) {Aegis}
   (You took it off Tiamat on level 3 of the Realm of Zot)

   Avatar's Aegis: It grants the wearer a chance to resist fire, cold, poison,
   electricity, acid, and negative energy.
Magical Staves
 p - the staff "Dragonbane" (weapon) {rElec rN+ Int+5 Dex+3 Necro}
   (You found it on level 4 of a ziggurat)

   [staff of death]

   Base accuracy: +5 Base damage: 5 Base attack delay: 1.2 This weapon's minimum
   attack delay (0.6) is reached at skill level 12.
   Int+5:     It affects your intelligence (+5).
   Dex+3:     It affects your dexterity (+3).
   rElec:     It insulates you from electricity.
   rN+:       It protects you from negative energy.
   Necro:     It increases the power of your Necromancy spells.
   It falls into the 'Staves' category.
   It is a one-handed weapon.
 u - the staff "Igunubb" {rPois Int+4 Dex-3 Necro Earth}
   (You found it on level 3 of the Elven Halls)

   [staff of earth]

   Base accuracy: +5 Base damage: 5 Base attack delay: 1.2 This weapon's minimum
   attack delay (0.6) is reached at skill level 12.
   Int+4:     It affects your intelligence (+4).
   Dex-3:     It affects your dexterity (-3).
   rPois:     It protects you from poison.
   Necro:     It increases the power of your Necromancy spells.
   Earth:     It increases the power of your Earth spells.
   It falls into the 'Staves' category.
   It is a one-handed weapon.
 F - the staff "Death Rattle" {rElec rN+ Str+3 Int+4 Stlth+ Necro}
   (You found it on level 2 of the Lair of Beasts)

   [staff of death]

   Base accuracy: +5 Base damage: 5 Base attack delay: 1.2 This weapon's minimum
   attack delay (0.6) is reached at skill level 12.
   Str+3:     It affects your strength (+3).
   Int+4:     It affects your intelligence (+4).
   rElec:     It insulates you from electricity.
   rN+:       It protects you from negative energy.
   Stlth+:    It makes you more stealthy.
   Necro:     It increases the power of your Necromancy spells.
   It falls into the 'Staves' category.
   It is a one-handed weapon.
Jewellery
 e - a ring of wizardry (left hand)
 g - the ring "Dilare Begeff" (right hand) {rF+ rC+ Int+2}
   (You acquired it on level 4 of the Dungeon)

   [ring of protection from cold]

   Int+2:     It affects your intelligence (+2).
   rF+:       It protects you from fire.
   rC+:       It protects you from cold.
 n - the amulet of the Four Winds (around neck) {rN+ Will+++ Clar}
   (You took it off a deep elf pyromancer on level 3 of the Elven Halls)

   [amulet of nothing]

   rN+:       It protects you from negative energy.
   Will+++:   It greatly increases your willpower.
   Clar:      It protects you from confusion, rage, mesmerisation and fear.
 J - the ring "Ogimusyl" {EV+5 Int+6 Dex+4 Stlth+}
   (You took it off a ragged hierophant in the Desolation of Salt)

   [ring of evasion]

   EV+5:      It affects your evasion (+5).
   Int+6:     It affects your intelligence (+6).
   Dex+4:     It affects your dexterity (+4).
   Stlth+:    It makes you more stealthy.
 P - a ring of see invisible
 W - an amulet of magic regeneration
Wands
 a - a wand of polymorph (7)
 I - a wand of light (34)
 M - a wand of iceblast (27)
 U - a wand of mindburst (54)
 Y - a wand of digging (32)
Scrolls
 d - 11 scrolls of fog
 i - 6 scrolls of amnesia
 k - a scroll of revelation
 m - 13 scrolls of enchant weapon
 r - a scroll of blinking
 t - 2 scrolls of brand weapon
 v - 9 scrolls of poison
 x - 8 scrolls of fear
 y - 7 scrolls of enchant armour
 A - 18 scrolls of teleportation
 B - 10 scrolls of immolation
 T - 35 scrolls of identify
Potions
 b - 17 potions of curing
 c - 3 potions of resistance
 f - a potion of ambrosia
 l - 8 potions of might
 o - a potion of cancellation
 D - 4 potions of attraction
 E - 6 potions of lignification
 K - 3 potions of brilliance
 L - 2 potions of mutation
 N - 3 potions of invisibility
 R - 2 potions of magic
 S - a potion of haste
 V - 9 potions of enlightenment
 Z - 4 potions of heal wounds
Miscellaneous
 h - a lightning rod (4/4)
 s - a condenser vane
 w - a box of beasts
 C - a phantom mirror
 Q - the horn of Geryon
 X - a phial of floods


   Skills:
 + Level 24.1 Fighting
 - Level 7.0 Armour
 - Level 7.0 Dodging
 + Level 15.0 Stealth
 - Level 7.0 Shields
 * Level 24.6 Spellcasting
 - Level 15.0 Conjurations
 - Level 1.2 Hexes
 - Level 13.0 Summonings
 - Level 9.0 Necromancy
 - Level 15.7 Fire Magic
 - Level 10.0 Ice Magic
 - Level 3.0 Air Magic
 - Level 15.4 Earth Magic
 - Level 9.0 Alchemy
 - Level 9.0 Invocations
 - Level 9.0 Evocations


You had 17 spell levels left.
You knew the following spells:

 Your Spells              Type           Power      Damage    Failure   Level
a - Yara's Violent Unrav  Hex/Alch       30%        3d13      1%          5
b - Haunt                 Necr/Summ      50%        N/A       3%          7
c - Lehudib's Crystal Sp  Conj/Erth      45%        10d11     4%          8
d - Summon Ice Beast      Ice/Summ       82%        N/A       1%          3
e - Ignition              Fire           46%        3d13      4%          8
f - Irradiate             Conj/Alch      41%        3d25      1%          5
g - Plasma Beam           Fire/Air       37%        2x1d51    1%          6
h - Borgnjor's Vile Clut  Necr/Erth      52%        N/A       1%          5
i - Animate Dead          Necr           94%        N/A       1%          4
j - Spellforged Servitor  Conj/Summ      44%        N/A       1%          7

Your spell library contained the following spells:

 Spells                   Type           Power      Damage    Failure   Level
 Foxfire                  Conj/Fire      100%       2x1d9     0%          1
 Freeze                   Ice            100%       1d10      0%          1
 Kiss of Death            Conj/Necr      100%       2d13      0%          1
 Magic Dart               Conj           100%       1d8       0%          1
 Sandblast                Erth           100%       2d20      0%          1
 Shock                    Conj/Air       100%       1d9       0%          1
 Call Imp                 Summ           100%       N/A       0%          2
 Searing Ray              Conj           100%       2d8       0%          2
 Hailstorm                Conj/Ice       84%        3d14      0%          3
 Passwall                 Erth           92%        N/A       0%          3
 Stone Arrow              Conj/Erth      100%       3d13      0%          3
 Brom's Barrelling Bould  Conj/Erth      91%        2d10      0%          4
 Flame Wave               Conj/Fire      92%        2d19      0%          4
 Apportation              Tloc           72%        N/A       1%          1
 Slow                     Hex            100%       N/A       1%          1
 Ensorcelled Hibernation  Hex/Ice        100%       N/A       1%          2
 Jinxbite                 Hex            88%        N/A       1%          2
 Lesser Beckoning         Tloc           72%        N/A       1%          2
 Mercury Vapours          Alch/Air       100%       N/A       1%          2
 Static Discharge         Conj/Air       100%       3-8/arc   1%          2
 Confusing Touch          Hex            44%        N/A       1%          3
 Dazzling Flash           Conj/Hex       100%       N/A       1%          3
 Frozen Ramparts          Ice            100%       1d16      1%          3
 Fugue of the Fallen      Necr           94%        N/A       1%          3
 Gell's Gravitas          Tloc           36%        N/A       1%          3
 Inner Flame              Hex/Fire       73%        N/A       1%          3
 Mephitic Cloud           Conj/Alch/Air  74%        N/A       1%          3
 Sigil of Binding         Hex            44%        N/A       1%          3
 Swiftness                Air            53%        N/A       1%          3
 Teleport Other           Tloc           36%        N/A       1%          3
 Tukima's Dance           Hex            44%        N/A       1%          3
 Vampiric Draining        Necr           94%        2d12      1%          3
 Volatile Blastmotes      Fire/Tloc      100%       2d18      1%          3
 Airstrike                Air            26%        2d(4-20)  1%          4
 Anguish                  Hex/Necr       40%        N/A       1%          4
 Animate Armour           Summ/Erth      100%       N/A       1%          4
 Dispel Undead            Necr           94%        3d30      1%          4
 Fulminant Prism          Conj/Alch      41%        3d19      1%          4
 Ignite Poison            Fire/Alch      84%        N/A       1%          4
 Iskenderun's Mystic Bla  Conj/Tloc      70%        2d14      1%          4
 Leda's Liquefaction      Alch/Erth      42%        N/A       1%          4
 Olgreb's Toxic Radiance  Alch           74%        N/A       1%          4
 Petrify                  Alch/Erth      84%        N/A       1%          4
 Sticky Flame             Fire/Alch      84%        2d13      1%          4
 Summon Lightning Spire   Summ/Air       71%        N/A       1%          4
 Alistair's Intoxication  Alch           49%        N/A       1%          5
 Arcjolt                  Conj/Air       37%        1d47      1%          5
 Curse of Agony           Necr           94%        N/A       1%          5
 Fireball                 Conj/Fire      46%        3d18      1%          5
 Freezing Cloud           Conj/Ice/Air   37%        6-21      1%          5
 Iskenderun's Battlesphe  Conj           91%        2d14      1%          5
 Lee's Rapid Deconstruct  Erth           46%        3d22*     1%          5
 Summon Forest            Summ/Tloc      33%        N/A       1%          5
 Bombard                  Conj/Erth      45%        9d8       1%          6
 Conjure Ball Lightning   Conj/Air       37%        3x3d12    1%          6
 Death Channel            Necr           47%        N/A       1%          6
 Eringya's Noxious Bog    Alch           37%        4d6       1%          6
 Permafrost Eruption      Ice/Erth       42%        2x4d12    1%          6
 Sculpt Simulacrum        Ice/Alch       38%        N/A       1%          6
 Starburst                Conj/Fire      46%        6d13      1%          6
 Summon Cactus Giant      Summ           43%        N/A       1%          6
 Orb of Destruction       Conj           45%        9d12      1%          7
 Summon Hydra             Summ           43%        N/A       1%          7
 Cause Fear               Hex            22%        N/A       2%          4
 Vhi's Electric Charge    Tloc/Air       90%        N/A       2%          4
 Dimensional Bullseye     Hex/Tloc       20%        N/A       3%          4
 Passage of Golubria      Tloc           36%        N/A       4%          4
 Silence                  Hex/Air        24%        N/A       4%          5
 Ozocubu's Refrigeration  Ice            38%        4d16      6%          7
 Dispersal                Tloc           18%        N/A       50%         6
 Borgnjor's Revivificati  Necr           47%        N/A       52%         8
 Infestation              Necr           47%        N/A       52%         8
 Fire Storm               Conj/Fire      46%        8d12      52%         9
 Shatter                  Erth           46%        3d35*     52%         9
 Enfeeble                 Hex            22%        N/A       86%         7
 Maxwell's Capacitive Co  Air            26%        ∞         99%         8
 Discord                  Hex            22%        N/A       100%        8
 Chain Lightning          Conj/Air       37%        3d49      100%        9
 Death's Door             Necr           47%        N/A       100%        9
 Sublimation of Blood     Necr           Unusable   N/A       N/A         2

Dungeon Overview and Level Annotations

Branches:
Dungeon (15/15)            Temple (1/1) D:7            Lair (5/5) D:8
  Swamp (4/4) Lair:2       Spider (4/4) Lair:2        Slime (0/5) Lair:4
    Orc (2/2) D:10            Elf (3/3) Orc:2        Vaults (5/5) D:13
  Crypt (3/3) Vaults:2       Tomb (0/3) Crypt:3      Depths (4/4) D:15
   Hell (visited)             Zot (5/5) Depths:4     Bailey (visited)
  IceCv (visited)         Desolation (visited)
    Dis: Hell:1         Geh: Hell:1         Coc: Hell:1         Tar: Hell:1

Altars:
Ashenzari
Cheibriados
Dithmenos
Elyvilon
Fedhas
Gozag
Hepliaklqana
Kikubaaqudgha
Makhleb
Nemelex Xobeh
Okawaru
Qazlal
Ru
Sif Muna
Trog
Uskayaw
Vehumet
Wu Jian
Xom
Yredelemnul
Zin
The Shining One
Beogh
Jiyva
Lugonu

Shops:
D:2 (   D:3 ?   D:13 *   Orc:2 !=[*   Elf:3 [=[   Vaults:5 ([=?   Depths:3 :[[[
Depths:4 [!?

Portals:
Hell: Depths:1 Depths:2 Depths:3 Depths:4
Abyss: Depths:1 Depths:3
Pandemonium: Depths:1 Depths:2

Annotations:
D:11 4 runed translucent doors
Depths:4 4 runed translucent doors
Zot:3 3 runed translucent doors, Axujocy's ghost, master DsHu; Ickud's ghost, novice GrFi; Olul's ghost, legendary MiFi


Innate Abilities, Weirdness & Mutations

You can walk on water.
Your facial features are unmistakably orcish.
You are immune to sickness and miasma.
Your stone body is resilient. (AC +20)
You are immune to poison.
Your large and strong wings let you fly.
You resist negative energy. (rN+)
You are resistant to electric shocks. (rElec)
You are resistant to unholy torment.
You are immune to petrification.
You have a pair of small horns on your head.
You are mostly covered in iridescent scales. (AC +4)
You sometimes lose your temper in combat.
You occasionally shout uncontrollably at your foes.
You are weak. (Str -2)


Message History

The hellwing moves out of view.
Casting: Haunt (dangerous; 3% risk of failure)
Confirm with . or Enter, or press ? or * to list all spells.
Aiming: Haunt (dangerous; 3% risk of failure)
Press: ? - help, Dir - move target, f - smoke demon
Aim: a smoke demon You feel a surge of power!
Insubstantial figures form in the air.
Something hits your phantasmal warrior! Something hits your phantasmal warrior.
The smoke demon hits your freezing wraith but does no damage.
The smoke demon closely misses your freezing wraith.
The smoke demon hits your freezing wraith but does no damage.
Aiming: Dig
Press: ? - help, Shift-Dir - straight line, p - smoke demon You can't see that place. [a stone wall.]
The rock shatters into small pieces.
Something hits your phantasmal warrior!
Something hits your phantasmal warrior but does no damage.
Your freezing wraith hits the smoke demon but does no damage.
Your freezing wraith barely misses the smoke demon.
Your phantasmal warrior barely misses the smoke demon.
The smoke demon hits your freezing wraith but does no damage. x2
The smoke demon misses your freezing wraith.
Aiming: Dig
Press: ? - help, Shift-Dir - straight line A rock wall.
This square is covered in magical glow.
The rock shatters into small pieces.
Something hits your phantasmal warrior.
Something closely misses your phantasmal warrior.
Your freezing wraith hits the smoke demon!
Your freezing wraith freezes the smoke demon!
Your freezing wraith hits the smoke demon!
Your freezing wraith drains the smoke demon's vigour!
The smoke demon seems to slow down.
Your phantasmal warrior hits the smoke demon!
The smoke demon dies!
Beogh accepts your kill.
Murdo is recalled.
Thorok is recalled.
Garbold is recalled.
There is a large open door here.
There is a staircase leading out of the dungeon here.
You have escaped!

...###.÷~≈##..W....######....4...
....^##.~≈≈.###.##..###......3...
..##.....~~### .###..##.#.......4
.###.~÷...~#⌠#######....#########
##.>.#~....#..'.~###..####
#...#~~#..#..#.~≈###....#
#....~##..####.~~####.#.########
#.....#~....#...~#~~#..........#
#(..........'oo@~#~.'..........#
##...#......'.o.~#~.'....>.....#
##.~~#......#...~#~~#.#####.####
##..#~~#.#.####.~~####.#####.#
.#..#.~#...#..#.~≈###..##.##.#
......#....#..'.~###..###....#
..........~#⌠#######.## #.####
...#.#...~~### ##..# #.#
..##....~≈≈#######..## #.##


You could see the friendly Garbold the orc apostle, the friendly Murdo the orc
apostle and the friendly Thorok the orc apostle.

Vanquished Creatures
  A dread lich (Crypt:3)
  3 Killer Klowns (Zot:5)
  Nikola (Vaults:2)
  A golden dragon (Depths:4)
  A bone dragon (Crypt:3)
  the Enchantress (Depths:3)
  A profane servitor (Zig:8)
  A Tzitzimitl (Zig:8)
  3 doom hounds
  A shard shrike skeleton (Crypt:3)
  2 tentacled monstrosities
  A tainted leviathan (Zig:8)
  Mlioglotl (Swamp:1)
  A lich (Crypt:2)
  A walking frostbound tome (Depths:3)
  A deep elf blademaster (Zig:10)
  2 titans
  A quicksilver dragon (Zot:3)
  12 Orb Guardians (Zot:5)
  2 deep elf master archers (Zig:10)
  4 ancient champions
  2 tengu reavers (Vaults:5)
  A death cob (Zot:1)
  2 protean progenitors
  3 storm dragons
  Aizul (Swamp:1)
  4 fire giants
  A fenstrider witch (Swamp:1)
  A draconian knight (Zot:4)
  A frost giant (Depths:2)
  4 draconian monks
  An iron dragon (Zot:4)
  4 draconian scorchers
  4 deep elf sorcerers
  4 emperor scorpions
  12 vault wardens
  Louise (Swamp:2)
  2 draconian shifters
  An orc warlord (Vaults:4)
  3 spriggan defenders (Depths:3)
  A reaper (Hell)
  6 deep elf elementalists
  4 draconian annihilators
  7 ghost moths
  2 formless jellyfish
  A curse skull (Crypt:2)
  4 stone giants
  2 draconian stormcallers
  11 ironbound preservers
  4 ironbound thunderhulks
  3 caustic shrike skeletons
  5 green draconians
  A broodmother (Spider:4)
  3 vampire knights
  2 deep elf death magi
  2 eleionomae (Swamp:1)
  3 deep elf annihilators
  3 purple draconians
  8 black draconians
  2 red draconians
  7 spark wasps
  5 white draconians
  2 dire elephants
  5 deep elf demonologists
  3 yellow draconians
  2 halazid warlocks (Desolation)
  2 bunyips
  5 yaktaur captains
  A crystal guardian (Vaults:2)
  4 ettins
  A merfolk impaler (Depths:2)
  3 orc apostles
  4 entropy weavers
  2 ragged hierophants (Desolation)
  3 jiangshi
  3 deep elf high priests
  Harold (Lair:1)
  A rakshasa (Depths:2)
  29 vault guards
  A quicksilver dragon skeleton (Crypt:3)
  2 peacekeepers
  14 hydras
  2 servants of whispers (Desolation)
  A ghost crab (Swamp:1)
  A great orb of eyes (Vaults:2)
  2 ogre magi
  2 alligators (Swamp:1)
  A radroach (Spider:1)
  A spriggan skeleton (Hell)
  4 ice dragons
  A jorogumo (Spider:2)
  2 catoblepae (Zig:9)
  7 centaur warriors
  10 ironbound frosthearts
  2 spriggan air magi
  5 dancing weapons
  3 nameless horrors
  12 two-headed ogres
  8 deep troll earth magi
  2 death knights (Vaults:2)
  10 death yaks
  9 boulder beetles
  A sphinx skeleton (Vaults:4)
  4 vampire magi
  4 tengu warriors
  2 deep troll shamans
  A spectral storm dragon (Zig:8)
  A shock serpent (Zig:7)
  6 demonic crawlers
  2 naga sharpshooters (Zig:7)
  3 soul eaters
  13 deep elf knights
  3 iron trolls
  4 pharaoh ants
  3 shadow wraiths
  11 skeletal warriors
  A skyshark (Zig:9)
  A spriggan rider (Depths:3)
  A goliath frog (Swamp:3)
  A shadow demon (D:15)
  2 flayed ghosts (Crypt:2)
  3 arcanists
  10 deep elf archers
  A bunyip skeleton (Crypt:3)
  A glowing orange brain (Vaults:2)
  3 spriggan druids
  2 sun moths (Spider:4)
  A sea snake (shapeshifter) (Vaults:5)
  4 steelbarb worms (Spider:4)
  A phantasmal warrior (Crypt:1)
  21 deep trolls
  6 bog bodies
  A naga ritualist (Zig:7)
  4 orb spiders
  4 swamp dragons
  10 ironbound convokers
  An iron giant skeleton (Hell)
  A fenstrider witch simulacrum (Hell)
  A golden dragon skeleton (Crypt:3)
  A harpy (shapeshifter) (D:15)
  3 orc knights
  An obsidian bat (Orc:1)
  9 deep elf zephyrmancers
  15 deep elf pyromancers
  5 lindwurms
  16 ugly things
  3 necromancers
  2 manticores
  3 cyclopes
  9 moths of wrath
  4 wolf spiders
  A will-o-the-wisp (Swamp:3)
  An alligator skeleton (Crypt:3)
  4 orc sorcerers
  3 meliai
  12 black mambas
  A kobold blastminer (Zig:6)
  2 guardian serpents (Zig:7)
  10 elephants
  4 torpor snails
  11 vault sentinels
  9 cane toads
  A frost giant skeleton (Vaults:4)
  2 gargoyles
  A hellion (Zig:8)
  A titan simulacrum (Hell)
  A black draconian zombie (Crypt:1)
  A smoke demon (Depths:1)
  A stone giant skeleton (Hell)
  A naga mage (Zig:7)
  3 centaur skeletons
  4 kobold demonologists (D:9)
  14 yaktaurs
  2 rime drakes
  6 komodo dragons
  An ice devil (Hell)
  3 freezing wraiths
  A purple draconian skeleton (Crypt:2)
  An anaconda simulacrum (Hell)
  5 trolls
  2 tengu conjurers
  A human zombie (Vaults:5)
  2 polar bears
  4 harpy skeletons
  2 hornets
  3 tyrant leeches
  3 merfolk (Zot:1)
  6 tarantellas
  7 saltlings (Desolation)
  A dream sheep (Zig:9)
  3 blink frogs (Lair:4)
  An ettin zombie (Crypt:2)
  4 jumping spiders
  A meliai (shapeshifter) (Vaults:1)
  Sigmund (D:2)
  2 spriggans
  7 culicivoras
  A centaur simulacrum (Hell)
  28 slime creatures
  A satyr skeleton (Crypt:3)
  2 shadows
  2 vampires
  26 yaks
  9 water elementals
  7 wyverns
  5 wraiths
  A basilisk (Lair:5)
  3 wargs
  A steam dragon (D:8)
  12 redbacks
  12 vampire mosquitoes
  7 swamp worms
  A harpy simulacrum (Hell)
  Edmund (D:5)
  An acid dragon (D:9)
  A deep troll zombie (Depths:1)
  A naga (Zig:7)
  5 water moccasins
  A glowing shapeshifter skeleton (Vaults:4)
  A cane toad zombie (Crypt:2)
  2 swamp drakes (Swamp:4)
  9 orc warriors
  An ice beast (D:7)
  A cane toad skeleton (Crypt:1)
  3 sky beasts
  2 laughing skulls
  2 elf zombies (Elf:3)
  11 ogres
  A deep troll simulacrum (Vaults:4)
  2 black bears
  11 centaurs
  18 wolves
  3 phantoms
  14 kobold brigands
  A glowing shapeshifter simulacrum (IceCv)
  An earth elemental (Elf:3)
  A gnoll sergeant (D:7)
  4 scorpions
  9 bullfrogs
  A naga simulacrum (Hell)
  6 wights
  8 killer bees
  9 electric eels
  4 howler monkeys
  A lava snake (Lair:2)
  2 bombardier beetles
  A jelly (D:8)
  A gnoll bouda (D:7)
  7 orc priests
  10 hounds
  Jessica (D:2)
  Ijyb (D:5)
  Terence (D:2)
  9 orc wizards
  2 iguanas
  A boggart skeleton (Crypt:2)
  A shapeshifter simulacrum (IceCv)
  A deep dwarf skeleton (Crypt:2)
  10 gnolls
  7 adders
  A howler monkey skeleton (Crypt:1)
  3 shadow imps
  4 white imps
  4 ufetubi (D:6)
  A lava snake zombie (Crypt:3)
  2 dart slugs
  A ribbon worm (D:2)
  36 orcs
  6 endoplasms
  4 giant cockroaches
  8 goblins
  14 hobgoblins
  2 quokkas
  7 ball pythons
  5 bats
  4 frilled lizards
  19 kobolds
  9 rats
  2 aspiring fleshes (Zot:1)
1161 creatures vanquished.

Vanquished Creatures (collateral kills)
  Tiamat (Zot:3)
  2 ancient liches
  A dread lich (Vaults:5)
  9 orbs of fire
  Mennas (Crypt:2)
  Boris (thrice) (Vaults:4 Depths:4 Vaults:5)
  2 Killer Klowns
  A curse toe (Zot:4)
  the Lernaean hydra (Swamp:4)
  2 caustic shrikes
  10 golden dragons
  Geryon (Hell)
  2 bone dragons
  A doom hound (Zig:8)
  A Brimstone Fiend (Zot:1)
  4 electric golems
  A hellephant (Zig:9)
  11 Orb Guardians
  5 titans
  5 liches
  8 tentacled monstrosities
  A walking divine tome (Depths:4)
  3 sphinxes
  5 quicksilver dragons
  A walking frostbound tome (Depths:2)
  3 death cobs
  A deep elf master archer (Elf:3)
  2 deep elf blademasters (Elf:3)
  Frances (Elf:1)
  A searing wretch (Hell)
  4 ancient champions
  7 tengu reavers
  7 storm dragons
  10 shadow dragons
  Donald (Swamp:1)
  7 protean progenitors
  3 draconian knights
  5 draconian monks
  A fenstrider witch (Swamp:3)
  A revenant (Crypt:1)
  2 iron dragons
  5 draconian scorchers
  7 fire giants
  8 frost giants
  7 vault wardens
  4 deep elf elementalists
  4 draconian shifters
  4 deep elf sorcerers
  A ghoul (Crypt:3)
  A curse skull (Crypt:1)
  2 orc warlords
  A spriggan defender (Depths:3)
  A draconian stormcaller (Zot:1)
  7 draconian annihilators
  7 very ugly things
  4 ironbound preservers
  A juggernaut zombie (Crypt:3)
  6 caustic shrike skeletons (Crypt:3)
  4 vampire knights
  A reaper (Hell)
  2 broodmothers
  14 stone giants
  2 ironbound thunderhulks
  4 deep elf demonologists
  2 eleionomae
  7 green draconians
  6 black draconians
  5 deep elf annihilators
  5 yellow draconians
  3 war gargoyles
  12 red draconians
  A dire elephant (Vaults:1)
  2 halazid warlocks (Desolation)
  10 white draconians
  6 deep elf death magi
  13 purple draconians
  4 bunyips
  5 spark wasps
  2 eidola (Crypt:1)
  13 ettins
  A merfolk javelineer (Depths:2)
  8 fire dragons
  5 jiangshi
  5 deep elf high priests
  A great orb of eyes (Vaults:4)
  A merfolk impaler (Depths:2)
  9 ragged hierophants (Desolation)
  A spriggan zombie (Crypt:2)
  3 rakshasas
  7 entropy weavers
  4 yaktaur captains
  10 vault guards
  10 hydras
  A shambling mangrove (Swamp:4)
  2 salamander tyrants (Zig:7)
  A hell beast (Depths:1)
  6 ice dragons
  4 peacekeepers (Desolation)
  3 catoblepae (Lair:5)
  3 spriggan air magi (Depths:3)
  6 ogre magi
  3 ironbound frosthearts
  A jorogumo (Spider:1)
  2 centaur warriors
  6 alligators
  24 dancing weapons
  11 death yaks
  2 spriggan skeletons (Crypt:3)
  12 two-headed ogres
  6 boulder beetles
  3 vampire magi
  5 deep troll shamans
  2 satyrs (Zot:3)
  2 tengu warriors
  A hell hog (Hell)
  4 spriggan berserkers
  4 deep troll earth magi
  Urug (D:13)
  A naga sharpshooter (Zig:3)
  A demonic crawler (Spider:2)
  2 orc high priests
  An orc apostle (Lair:3)
  A soul eater (Crypt:2)
  14 deep elf knights
  2 pharaoh ants
  A shadow wraith (Crypt:3)
  A titan skeleton (Crypt:3)
  7 iron trolls
  A salamander mystic (Depths:4)
  2 spriggan druids (Swamp:4)
  A glowing orange brain (Depths:4)
  20 skeletal warriors
  A mana viper (shapeshifter) (Vaults:5)
  19 deep trolls
  9 swamp dragons
  An arcanist (Vaults:1)
  8 orb spiders
  A goliath frog (Swamp:1)
  8 deep elf archers
  5 flayed ghosts
  A lindwurm (Lair:5)
  5 ironbound convokers
  2 sun moths
  10 deep elf pyromancers
  4 steelbarb worms
  5 thermic dynamos
  An anaconda skeleton (Crypt:2)
  An iron dragon zombie (Hell)
  9 bog bodies
  6 phantasmal warriors
  4 orc knights
  3 necromancers
  23 deep elf zephyrmancers
  20 ugly things
  6 wolf spiders
  An orc sorcerer (Depths:4)
  A stone giant zombie (Crypt:3)
  2 cyclopes
  A shining eye (shapeshifter) (Depths:2)
  An eleionoma zombie (Crypt:3)
  4 salamanders (Depths:4)
  2 will-o-the-wisps (Swamp:4)
  2 manticores (Lair:5)
  A goliath frog skeleton (Crypt:3)
  2 meliai (Spider:2)
  15 moths of wrath
  A stone giant skeleton (Crypt:3)
  A naga mage (Zig:3)
  2 black mambas
  An iron dragon skeleton (Crypt:3)
  6 vault sentinels
  A centaur zombie (Crypt:3)
  A rust devil (Hell)
  2 elephants (Lair:3)
  A guardian serpent (Desolation)
  A gargoyle (D:13)
  2 smoke demons
  A torpor snail (Spider:4)
  3 cane toads
  2 centaur skeletons (D:13)
  An orange demon (Depths:4)
  4 komodo dragons
  A freezing wraith (Vaults:5)
  3 yaktaurs (Vaults:1)
  A green draconian zombie (Crypt:3)
  A green draconian skeleton (Crypt:1)
  A pale draconian skeleton (Crypt:2)
  5 nameless horrors
  11 trolls
  5 hornets
  6 tyrant leeches
  A guardian serpent zombie (Crypt:3)
  A blink frog (Lair:4)
  A glass eye (shapeshifter) (Vaults:5)
  31 saltlings (Desolation)
  2 harpy skeletons (Crypt:3)
  An ettin zombie (Crypt:2)
  7 tarantellas
  An ice dragon zombie (Crypt:1)
  A glass eye (Depths:2)
  15 slime creatures
  10 jumping spiders
  9 water elementals
  A black mamba zombie (Hell)
  A wyvern (Lair:3)
  An air elemental (Elf:2)
  5 spriggans
  2 wraiths
  3 fire elementals
  A basilisk (Lair:2)
  13 yaks
  A black mamba skeleton (Crypt:3)
  3 wargs
  20 redbacks
  6 vampire mosquitoes
  6 swamp worms
  A naga skeleton (Crypt:3)
  A great orb of eyes simulacrum (IceCv)
  3 water moccasins
  A fire bat skeleton (Crypt:1)
  A cane toad zombie (Crypt:2)
  6 orc warriors
  7 swamp drakes
  4 laughing skulls (Crypt:2)
  7 wolves
  12 ogres
  2 centaurs
  A lindwurm skeleton (Crypt:1)
  2 bullfrogs
  A water moccasin zombie (Crypt:3)
  An earth elemental (Elf:3)
  A scorpion (Lair:1)
  An elf skeleton (Crypt:1)
  14 wights (Crypt:3)
  2 electric eels
  4 orc priests
  2 orc wizards
  An acid dragon zombie (Crypt:2)
  A deep dwarf skeleton (Crypt:2)
  2 gnolls (D:9)
  An iguana zombie (Crypt:1)
  4 orcs
  5 kobolds
  2 orc skeletons
  An aspiring flesh (Zot:4)
  A butterfly (Lair:5)
1049 creatures vanquished.

Vanquished Creatures (others)
  2 draconian knights
  An ironbound preserver (Vaults:1)
  2 orc warlords (Vaults:5)
  A Killer Klown zombie (Zot:5)
  A green draconian (Zot:1)
  A yellow draconian (Zot:1)
  A peacekeeper (Desolation)
  A sphinx zombie (Vaults:5)
  7 Orb Guardian zombies (Zot:5)
  A titan zombie (Vaults:5)
  51 orc apostles
  2 orc high priests (Vaults:5)
  An emperor scorpion zombie (Spider:4)
  A deep elf knight (Elf:2)
  2 storm dragon zombies
  3 spark wasp zombies (Depths:4)
  A ghost moth zombie (Spider:4)
  3 golden dragon zombies
  4 ogre zombies
  7 ugly thing zombies (Depths:2)
  2 shadow dragon zombies (Zot:5)
  7 orc knights
  A broodmother zombie (Spider:2)
  2 wolf spider zombies
  2 frost giant zombies
  3 fire giant zombies
  7 draconian zombies
  3 stone giant zombies
  A dire elephant zombie (Vaults:4)
  A moth of wrath (Zot:5)
  A black mamba (Zig:7)
  A mana viper zombie (Vaults:5)
  A yellow draconian zombie (Zot:1)
  2 white draconian zombies
  3 black draconian zombies
  2 orb spider zombies (Spider:4)
  A steelbarb worm zombie (Spider:4)
  3 purple draconian zombies
  3 redback zombies
  An ice devil (Zot:3)
  2 demonic crawler zombies
  2 moth of wrath zombies (Zot:3)
  A culicivora zombie (Spider:4)
  A boulder beetle zombie (Spider:4)
  A saltling (Desolation)
  A jumping spider zombie (Spider:4)
  A fire dragon zombie (Depths:2)
  3 ettin zombies (Vaults:5)
  A tarantella zombie (Spider:2)
  An ice dragon zombie (Depths:1)
  A meliai zombie (Spider:2)
  2 orc zombies
  A redback (Spider:1)
  6 deep troll zombies
  4 tengu zombies
  30 elf zombies
  An entropy weaver zombie (Vaults:5)
  12 orc warriors
  2 torpor snail zombies (Spider:4)
  41 human zombies
  A warg zombie (Vaults:5)
  4 spriggan zombies (Depths:3)
  13 orc priests
  An orc wizard (Vaults:5)
  29 orcs
  A hobgoblin (D:11)
  15 foxfires
318 creatures vanquished.

Grand Total: 2528 creatures vanquished

Notes
Turn   | Place    | Note
-------+----------+-------------------------------------------
     0 | D:1      | Draconius the Gargoyle Earth Elementalist began the quest
                  | for the Orb.
     0 | D:1      | Reached XP level 1. HP: 10/10 MP: 3/3
   153 | D:1      | Reached XP level 2. HP: 5/15 MP: 0/5
   415 | D:1      | Reached XP level 3. HP: 19/19 MP: 2/6
   456 | D:1      | Learned a level 3 spell: Stone Arrow
   951 | D:2      | Noticed Jessica
   957 | D:2      | Killed Jessica
   958 | D:2      | Reached skill level 5 in Earth Magic
   958 | D:2      | Reached XP level 4. HP: 24/24 MP: 3/7
  1252 | D:2      | Noticed Sigmund
  1263 | D:2      | Killed Sigmund
  1264 | D:2      | Reached skill level 1 in Fighting
  1264 | D:2      | Reached skill level 1 in Armour
  1264 | D:2      | Reached XP level 5. HP: 26/29 MP: 0/8
  1264 | D:2      | Reached XP level 6. HP: 30/34 MP: 0/9
  1361 | D:2      | Found Nuetek's Weapon Shoppe.
  1500 | D:2      | Noticed Terence
  1507 | D:2      | Killed Terence
  1758 | D:2      | Learned a level 4 spell: Brom's Barrelling Boulder
  1979 | D:3      | Found a faded altar of an unknown god.
  2093 | D:3      | Found Qukhaufuif's Magic Scroll Shop.
  2104 | D:3      | Bought a scroll of identify for 26 gold pieces
  3150 | D:4      | Reached XP level 7. HP: 40/40 MP: 9/11
  3257 | D:4      | Found a white marble altar of Elyvilon.
  3420 | D:4      | Identified 3 scrolls of acquirement
  3421 | D:4      | Acquired a staff of earth
  3424 | D:4      | Acquired the +3 warlock's mirror {omnireflect}
  3424 | D:4      | Found the +3 warlock's mirror {omnireflect}
  3431 | D:4      | Acquired the ring "Dilare Begeff" {rF+ rC+ Int+2}
  3872 | D:5      | Entered Level 5 of the Dungeon
  3877 | D:5      | Noticed a wyvern
  3881 | D:5      | Killed a wyvern
  3882 | D:5      | Reached skill level 1 in Shields
  3979 | D:5      | Reached XP level 8. HP: 46/46 MP: 6/12
  4064 | D:5      | Became a worshipper of Beogh the Shepherd
  4243 | D:5      | Noticed Ijyb
  4253 | D:5      | Killed Ijyb
  4354 | D:5      | Found a burning altar of Makhleb.
  4765 | D:5      | Identified the ring of Unogreem {rC+ rN+ rCorr Dex+2}
  4804 | D:5      | Found an ornate altar of the Wu Jian Council.
  4822 | D:5      | Noticed Edmund
  4828 | D:5      | Killed Edmund
  5256 | D:6      | Reached skill level 1 in Ice Magic
  5430 | D:6      | Reached XP level 9. HP: 52/52 MP: 12/15
  5757 | D:7      | Reached * piety under Beogh
  5898 | D:7      | Found a staircase to the Ecumenical Temple.
  5966 | Temple   | Entered the Ecumenical Temple
  6014 | D:7      | Found a broken altar of Ashenzari.
  6292 | D:7      | Reached skill level 5 in Fighting
  6351 | D:7      | Reached skill level 5 in Armour
  6497 | D:7      | Noticed a gargoyle
  6505 | D:7      | Killed a gargoyle
  6506 | D:7      | Reached skill level 5 in Spellcasting
  6544 | D:7      | Reached ** piety under Beogh
  6723 | D:7      | Identified the ring of Mistrust {Fire rElec rN+}
  7145 | D:8      | Reached skill level 5 in Shields
  7145 | D:8      | Reached XP level 10. HP: 56/60 MP: 10/18
  7847 | D:8      | Found a staircase to the Lair.
  7903 | D:9      | Reached skill level 10 in Earth Magic
  8081 | D:9      | Noticed a kobold demonologist
  8081 | D:9      | Noticed a kobold demonologist
  8105 | D:9      | Killed a kobold demonologist
  8109 | D:9      | Killed a kobold demonologist
  8161 | D:9      | Learned a level 3 spell: Summon Ice Beast
  8171 | D:9      | Noticed a kobold demonologist
  8176 | D:9      | Noticed a kobold demonologist
  8182 | D:9      | Noticed a sun demon
  8192 | D:9      | Killed a kobold demonologist
  8215 | D:9      | Reached skill level 5 in Ice Magic
  8228 | D:9      | Reached XP level 11. HP: 51/67 MP: 2/20
  8402 | D:9      | Found a flagged portal.
  8413 | Bailey   | Entered a bailey
  8432 | Bailey   | Reached *** piety under Beogh
  8596 | Bailey   | Noticed an orc knight
  8620 | Bailey   | Pacified an orc knight
  8625 | Bailey   | Killed an orc knight
  8765 | Bailey   | Found a bloodstained altar of Trog.
  8828 | D:9      | Noticed Arbeogh
  8845 | D:9      | Anointed Arbeogh the warrior as your apostle
  9082 | D:9      | Found a snail-covered altar of Cheibriados.
  9417 | D:9      | Learned a level 6 spell: Permafrost Eruption
  9419 | D:10     | Entered Level 10 of the Dungeon
  9437 | D:10     | Noticed a two-headed ogre
  9446 | D:10     | Killed a two-headed ogre
  9465 | D:10     | Reached skill level 1 in Evocations
  9573 | D:10     | Found a staircase to the Orcish Mines.
  9671 | D:10     | Found a shadowy altar of Dithmenos.
  9810 | D:10     | Noticed Wardok
  9837 | D:10     | Your ally Arbeogh died
  9840 | D:10     | Anointed Wardok the warrior as your apostle
 10234 | Lair:1   | Entered Level 1 of the Lair of Beasts
 10452 | Lair:1   | Reached **** piety under Beogh
 10852 | Lair:1   | Noticed Harold
 10861 | Lair:1   | Killed Harold
 11059 | Lair:1   | Reached XP level 12. HP: 50/75 MP: 13/23
 11503 | Lair:2   | Found a staircase to the Swamp.
 11503 | Lair:2   | Noticed an alligator
 11516 | Lair:2   | Killed an alligator
 11554 | Lair:2   | You fall into a shaft and drop 2 floors!
 11587 | Lair:4   | Found a frozen archway.
 11595 | IceCv    | Entered an ice cave
 11598 | IceCv    | Was placed under penance by Beogh
 11609 | IceCv    | Noticed a quicksilver ooze
 11843 | Lair:3   | Noticed a five-headed hydra
 11845 | Lair:3   | Noticed an eight-headed hydra
 11851 | Lair:3   | Killed an eight-headed hydra
 11852 | Lair:3   | Noticed a death yak
 11855 | Lair:3   | Noticed a death yak
 12065 | Lair:2   | Found a hole to the Spider Nest.
 12147 | Lair:2   | Noticed a boulder beetle
 12464 | Lair:2   | Identified the staff "Death Rattle" {rElec rN+ Str+3 Int+4
                  | Stlth+ Necro}
 13192 | Lair:3   | Noticed a death yak
 13227 | Lair:3   | Killed a death yak
 13227 | Lair:3   | Was forgiven by Beogh
 13228 | Lair:3   | Reached skill level 10 in Fighting
 13245 | Lair:3   | Killed a five-headed hydra
 13245 | Lair:3   | Your ally Arbeogh died
 13433 | Lair:3   | Noticed a death yak
 13433 | Lair:3   | Noticed a death yak
 13436 | Lair:3   | Noticed a death yak
 13443 | Lair:3   | Your ally Wardok died
 13492 | Lair:2   | Killed a death yak
 13902 | D:11     | Reached XP level 13. HP: 82/82 MP: 22/25
 14326 | D:11     | Found a large runed translucent door.
 14326 | D:11     | Found a large runed translucent door.
 14546 | D:11     | Reached skill level 15 in Earth Magic
 14788 | D:11     | Found a large runed translucent door.
 14789 | D:11     | Found a large runed translucent door.
 15815 | D:12     | Noticed Agrik
 15833 | D:12     | Anointed Agrik the wizard as your apostle
 15964 | D:12     | Reached skill level 1 in Alchemy
 15984 | D:12     | Reached ***** piety under Beogh
 16553 | D:13     | Found Inlicidd's Gadget Gallery.
 16620 | D:13     | Bought a phantom mirror for 520 gold pieces
 16774 | D:13     | Learned a level 5 spell: Irradiate
 16784 | D:13     | Identified the +7 dagger "Zeh Omamp" {holy, *Corrode Will+
                  | Int+4 SInv}
 17062 | D:13     | Reached skill level 10 in Spellcasting
 17231 | D:13     | Gained mutation: Your large and strong wings let you fly.
                  | [Gargoyle growth]
 17231 | D:13     | Reached XP level 14. HP: 70/90 MP: 7/28
 17528 | D:13     | Your ally Agrik died
 17786 | D:13     | Reached skill level 5 in Alchemy
 19493 | Lair:3   | Reached skill level 5 in Evocations
 19535 | Lair:3   | Learned a level 6 spell: Sculpt Simulacrum
 19580 | Lair:3   | HP: 2/92 [death yak (3)]
 20299 | Lair:4   | Found a staircase to the Slime Pits.
 20300 | Lair:4   | Found a viscous altar of Jiyva.
 20367 | Lair:4   | Your ally Wardok died
 20410 | Lair:4   | Your ally Agrik died
 20411 | Lair:4   | Your ally Arbeogh died
 20873 | D:3      | Bought a scroll of identify for 26 gold pieces
 20873 | D:3      | Bought a scroll of enchant armour for 97 gold pieces
 20873 | D:3      | Bought a scroll of identify for 26 gold pieces
 20873 | D:3      | Bought a scroll of identify for 26 gold pieces
 21068 | D:13     | Bought a lightning rod (4/4) for 520 gold pieces
 21496 | Lair:5   | Entered Level 5 of the Lair of Beasts
 21697 | Lair:5   | Reached skill level 5 in Conjurations
 21921 | Lair:5   | Identified the +4 flail of Spring {protect, rPois rN+}
 21967 | Lair:5   | Anointed Argrim the priest as your apostle
 22303 | Lair:5   | Reached XP level 15. HP: 88/97 MP: 22/30
 23068 | Lair:5   | Reached ****** piety under Beogh
 23330 | Lair:5   | Your ally Wardok died
 23504 | Orc:1    | Entered Level 1 of the Orcish Mines
 23961 | Orc:2    | Entered Level 2 of the Orcish Mines
 24053 | Orc:2    | Your ally Wardok died
 24086 | Orc:2    | Found Fius's Jewellery Emporium.
 24087 | Orc:2    | Found Kolukarch's General Store.
 24103 | Orc:2    | Found Buuseg's Distillery.
 24108 | Orc:2    | Found Tuycimm's Armour Emporium.
 24121 | Orc:2    | Bought a +2 hat of willpower for 294 gold pieces
 24138 | Orc:2    | Bought a potion of enlightenment for 85 gold pieces
 24138 | Orc:2    | Bought a potion of heal wounds for 85 gold pieces
 24311 | Orc:2    | Found a staircase to the Elven Halls.
 24772 | D:13     | Identified the +1 scale mail "Umoinos" {rElec rF+ Dex+3}
 24772 | D:13     | Noticed Urug
 24776 | D:13     | Killed Urug
 24896 | D:13     | Your ally Agrik died
 25131 | D:13     | Found a gate to the Vaults.
 25335 | D:14     | Got the Notes on Bolts
 25640 | D:14     | Reached XP level 16. HP: 79/104 MP: 22/31
 25994 | D:14     | Identified the +0 hand axe of Trial by Ordeal {antimagic,
                  | Dex+2}
 26082 | D:15     | Entered Level 15 of the Dungeon
 26114 | D:15     | Your ally Agrik died
 26125 | D:15     | Anointed Bogward the warrior as your apostle
 26381 | D:15     | Your ally Argrim died
 26382 | D:15     | Your ally Bogward died
 26396 | D:15     | Reached skill level 10 in Ice Magic
 26406 | D:15     | Found a staircase to the Depths.
 27146 | Swamp:1  | Entered Level 1 of the Swamp
 27146 | Swamp:1  | Identified the serpent talisman "Upoaxoiquni" {Dex+4}
 27146 | Swamp:1  | Noticed Aizul
 27152 | Swamp:1  | Killed Aizul
 27154 | Swamp:1  | Reached skill level 1 in Summonings
 27674 | Swamp:1  | Noticed a fenstrider witch
 27675 | Swamp:1  | Noticed Mlioglotl
 27690 | Swamp:1  | Killed a fenstrider witch
 27868 | Swamp:1  | Noticed a tentacled starspawn
 28012 | Swamp:1  | Killed Mlioglotl
 28334 | Swamp:1  | Noticed Donald
 28345 | Swamp:1  | Killed Donald
 28919 | Swamp:2  | Learned a level 5 spell: Borgnjor's Vile Clutch
 29133 | Swamp:2  | Noticed a tentacled monstrosity
 29147 | Swamp:2  | Killed a tentacled monstrosity
 29706 | Swamp:3  | Noticed Louise
 29749 | Swamp:3  | Reached skill level 1 in Necromancy
 29903 | Swamp:2  | Killed Louise
 30031 | Swamp:2  | Learned a level 4 spell: Animate Dead
 30288 | Swamp:3  | Your ally Wardok died
 30403 | Swamp:3  | Reached XP level 17. HP: 112/112 MP: 17/34
 30758 | Swamp:3  | Reached skill level 5 in Summonings
 31051 | Swamp:4  | Entered Level 4 of the Swamp
 31290 | Swamp:4  | Your ally Wardok died
 31303 | Swamp:4  | Your ally Bogward died
 31540 | Swamp:4  | Your ally Argrim died
 32237 | Swamp:4  | Noticed the 27-headed Lernaean hydra
 32261 | Swamp:4  | Killed the 27-headed Lernaean hydra
 32543 | Swamp:4  | Identified the +5 long sword of the Summoning Bear {flame,
                  | rElec Dex+4}
 32664 | Swamp:4  | Got a decaying rune of Zot
 32770 | Swamp:3  | Identified the +1 robe "Fij Weic" {rF- Str+7 Int+2 SInv}
 32781 | Swamp:3  | Anointed Bogbarth the wizard as your apostle
 33060 | Vaults:1 | Entered Level 1 of the Vaults
 33114 | Vaults:1 | Reached skill level 15 in Fighting
 34177 | Vaults:1 | Your ally Bogbarth died
 34459 | Vaults:1 | Reached XP level 18. HP: 119/119 MP: 22/36
 34695 | Vaults:1 | Learned a level 7 spell: Spellforged Servitor
 35369 | Vaults:1 | Your ally Bogbarth died
 35493 | Vaults:1 | Noticed a titan
 35498 | Vaults:1 | Killed a titan
 35499 | Vaults:1 | Reached skill level 1 in Invocations
 35633 | Vaults:1 | Your ally Bogward died
 35639 | Vaults:1 | Your ally Argrim died
 36177 | Vaults:1 | Reached skill level 10 in Conjurations
 37301 | Vaults:1 | Found a roughly hewn altar of Beogh.
 38213 | Vaults:2 | Reached skill level 5 in Necromancy
 38545 | Vaults:2 | Noticed Nikola
 38556 | Vaults:2 | Killed Nikola
 38710 | Vaults:2 | Found a staircase to the Crypt.
 40452 | Vaults:3 | Was placed under penance by Beogh
 41290 | Vaults:3 | Reached skill level 10 in Summonings
 41290 | Vaults:3 | Reached XP level 19. HP: 122/125 MP: 14/37
 41606 | Vaults:3 | Was forgiven by Beogh
 41938 | Vaults:3 | Your ally Bogward died
 42176 | Vaults:3 | Anointed Margrim the priest as your apostle
 42297 | Vaults:3 | Reached skill level 5 in Invocations
 42816 | Vaults:4 | Your ally Argrim died
 42819 | Vaults:4 | Your ally Margrim died
 42824 | Vaults:4 | Your ally Bogbarth died
 43472 | Vaults:4 | Identified the +1 pair of boots of Waklaqutz {Rampage rF+
                  | rC+}
 43943 | Vaults:4 | Identified the +4 robe of Hairiness {Str+4 Dex+3}
 43943 | Vaults:4 | Noticed Boris
 43954 | Vaults:4 | Killed Boris
 44440 | Vaults:4 | Acquired the amulet of Generosity {Regen+ Str+5}
 45113 | Vaults:4 | Reached skill level 15 in Spellcasting
 46352 | Spider:1 | Entered Level 1 of the Spider Nest
 48970 | Spider:3 | Reached XP level 20. HP: 133/133 MP: 1/39
 49321 | Spider:3 | Your ally Margrim died
 49324 | Spider:3 | Anointed Koronagh the priest as your apostle
 50199 | Spider:4 | Entered Level 4 of the Spider Nest
 50290 | Spider:4 | Your ally Bogbarth died
 50294 | Spider:4 | Your ally Koronagh died
 50568 | Spider:4 | Your ally Argrim died
 53088 | Spider:4 | Got the Cyclopedia of Assaults
 53218 | Spider:4 | Got a gossamer rune of Zot
 53737 | Spider:2 | Upgraded the game from 0.32-a0-818-gb728d02 to
                  | 0.32-a0-825-g0e82a10
 54015 | Crypt:1  | Entered Level 1 of the Crypt
 54533 | Crypt:1  | Reached skill level 1 in Fire Magic
 55199 | Crypt:1  | Your ally Bogbarth died
 55313 | Crypt:1  | Your ally Argrim died
 55667 | Crypt:1  | You are sucked into a shaft and drop 1 floor!
 55761 | Crypt:2  | Noticed Mennas
 55765 | Crypt:2  | Your ally Koronagh died
 56490 | Orc:2    | Bought the +1 robe of Vines {NoPotionHeal Regen++++} for
                  | 1120 gold pieces
 56490 | Orc:2    | Found the +1 robe of Vines {NoPotionHeal Regen++++}
 56678 | Depths:1 | Entered Level 1 of the Depths
 57187 | Depths:1 | Found a gateway to Hell.
 57191 | Depths:1 | Found a corrupted altar of Lugonu.
 57191 | Depths:1 | Found a one-way gate to the infinite horrors of the Abyss.
 57337 | Depths:1 | Found a sacrificial altar of Ru.
 57941 | Depths:1 | Reached XP level 21. HP: 120/140 MP: 9/40
 58381 | Depths:1 | Found a shimmering altar of Xom.
 58468 | Depths:1 | Identified the +0 dagger "Diskesm" {flame, rN+ Str+3}
 58468 | Depths:1 | Identified the orb "Etwargh" {*channel, Rampage rPois}
 58481 | Depths:1 | Anointed Murdo the wizard as your apostle
 58991 | Depths:1 | Found a one-way gate leading to the halls of Pandemonium.
 59110 | Depths:2 | Your ally Murdo died
 59292 | Depths:2 | Learned a level 6 spell: Bombard
 59421 | Depths:2 | Reached skill level 5 in Fire Magic
 59568 | Depths:2 | Found a one-way gateway to a ziggurat.
 59709 | Depths:2 | Noticed a caustic shrike
 59725 | Depths:2 | Noticed a caustic shrike
 60082 | Depths:2 | Noticed a golden dragon
 60090 | Depths:2 | Killed a golden dragon
 60165 | Depths:1 | Killed a caustic shrike
 61216 | Crypt:2  | Killed Mennas
 61853 | Crypt:3  | Entered Level 3 of the Crypt
 62022 | Crypt:3  | Your ally Murdo died
 62568 | Crypt:3  | Upgraded the game from 0.32-a0-825-g0e82a10 to
                  | 0.32-a0-826-g4cabd76
 63053 | Crypt:3  | Your ally Murdo died
 63200 | Crypt:3  | Reached XP level 22. HP: 147/147 MP: 29/42
 63282 | Crypt:3  | Found the +8 Vampire's Tooth {megavamp}
 63282 | Crypt:3  | Noticed a dread lich
 63311 | Crypt:3  | Killed a dread lich
 63500 | Crypt:3  | Your ally Bogbarth died
 63514 | Crypt:3  | Identified the ring "Deps" {Fire +Blink rCorr Str-2 Dex+4}
 63532 | Crypt:3  | Identified the ring of Soorix {Ice Fly rCorr Dex+4}
 63533 | Crypt:3  | Identified the ring "Ocsusm" {Fire Stlth+}
 63729 | Crypt:3  | Identified the +1 chain mail of Parlour Games {Str+4 Int+5}
 64116 | Crypt:3  | Learned a level 5 spell: Yara's Violent Unravelling
 64468 | Crypt:3  | Reached skill level 1 in Hexes
 64482 | Crypt:3  | Anointed Ugrim the warrior as your apostle
 64744 | Crypt:3  | Found a staircase to the Tomb.
 64772 | Crypt:2  | Found a basalt altar of Yredelemnul.
 65534 | Elf:1    | Entered Level 1 of the Elven Halls
 65828 | Elf:1    | Identified the +6 arbalest "Hawaogha" {freeze, rCorr Str+3
                  | Stlth+}
 66061 | Elf:1    | Noticed Frances
 66067 | Elf:1    | Killed Frances
 66181 | Elf:1    | Your ally Ugrim died
 66186 | Elf:1    | Your ally Murdo died
 66455 | Elf:1    | Reached skill level 10 in Fire Magic
 66598 | Elf:1    | Your ally Koronagh died
 67124 | Elf:2    | Paralysed by an air elemental for 1 turns
 67275 | Elf:2    | Found a crumbling gateway.
 67292 | Desolati | Entered the Desolation of Salt
 67564 | Desolati | Got the Atlas of Conjuring
 67607 | Desolati | Learned a level 8 spell: Lehudib's Crystal Spear
 67937 | Desolati | Identified the +4 ring mail "Woidiusi" {Rampage Str-5 Int-5
                  | Dex+6}
 67939 | Desolati | Identified the +5 hand axe of Lyb Hoy {freeze, rN+ Will+
                  | Dex+4}
 67944 | Desolati | Identified the +1 flail of Peace {pain, rElec rPois Will+}
 67949 | Desolati | Identified the ring of Impatience {Will+ Dex+4}
 68317 | Desolati | Identified the ring "Ogimusyl" {EV+5 Int+6 Dex+4 Stlth+}
 68363 | Desolati | Identified the +8 shortbow of Dithmenos's Esteem {heavy,
                  | rElec Will+ Dex+3}
 68502 | Desolati | Reached XP level 23. HP: 155/155 MP: 13/44
 68503 | Desolati | Your ally Koronagh died
 68504 | Desolati | Your ally Murdo died
 68845 | Desolati | Learned a level 7 spell: Haunt
 68916 | Elf:2    | Found a runed translucent gate.
 68920 | Elf:2    | Found a runed translucent gate.
 69068 | Elf:2    | Found a runed translucent gate.
 69918 | Elf:2    | Your ally Ugrim died
 70084 | Elf:2    | Identified the +5 trident of the Unkillable {flame, MP+9
                  | Int+2}
 70102 | Elf:2    | Anointed Thorok the priest as your apostle
 70573 | Elf:3    | Entered Level 3 of the Elven Halls
 70718 | Elf:3    | Found Xyqag's Armour Shop.
 70867 | Elf:3    | Your ally Ugrim died
 70939 | Elf:3    | Your ally Murdo died
 70953 | Elf:3    | Upgraded the game from 0.32-a0-826-g4cabd76 to
                  | 0.32-a0-834-geaf45d8
 72045 | Elf:3    | Found Roricexa's Jewellery Shoppe.
 72073 | Elf:3    | Found Plog's Armour Shop.
 72240 | Elf:3    | Identified the staff "Hadouco" {rPois rF+ Fire Earth}
 72257 | Elf:3    | Identified the +4 spear of Magnificence {freeze, rElec rN+
                  | MP+9}
 72262 | Elf:3    | Got Sif Muna's Compendium of the Zephyr and Degeneration
 72287 | Elf:3    | Identified the staff "Igunubb" {rPois Int+4 Dex-3 Necro
                  | Earth}
 72309 | Elf:3    | Learned a level 8 spell: Ignition
 72316 | Elf:3    | Learned a level 6 spell: Plasma Beam
 72689 | Depths:2 | Killed a caustic shrike
 72960 | Depths:2 | Reached skill level 1 in Air Magic
 72972 | Depths:2 | Your ally Murdo died
 73743 | Depths:2 | Reached XP level 24. HP: 152/162 MP: 18/45
 73840 | Depths:2 | You are sucked into a shaft and drop 2 floors!
 73840 | Depths:4 | Entered Level 4 of the Depths
 73860 | Depths:3 | Noticed the Enchantress
 73866 | Depths:3 | Killed the Enchantress
 73870 | Depths:3 | Your ally Murdo died
 73880 | Depths:3 | Found Voicheop's Antique Armour Shoppe.
 73883 | Depths:3 | Found Jelawnurch's Armour Shop.
 73886 | Depths:3 | Found Bojuw's Antique Armour Shoppe.
 73942 | Depths:3 | Found Xaxuut's Book Shoppe.
 74083 | Depths:3 | Found a flickering gateway to a bazaar.
 74088 | Bazaar   | Entered a bazaar
 74171 | Bazaar   | Found Zeffi's Assorted Antiques.
 74176 | Bazaar   | Bought a scroll of teleportation for 90 gold pieces
 74187 | Bazaar   | Found Kosuew's Weapon Shoppe.
 74202 | Bazaar   | Found Estomush's Antique Armour Shoppe.
 74202 | Bazaar   | Found Itaesep's Antique Armour Emporium.
 74213 | Bazaar   | Bought a pair of faintly glowing boots for 209 gold pieces
 74213 | Bazaar   | Identified the +2 pair of boots "Dyiggueq" {Rampage Str+4
                  | Dex-4 SInv} (You bought it in a shop in a bazaar)
 74213 | Bazaar   | Bought a pair of runed boots for 165 gold pieces
 74700 | Depths:3 | Found the +8 frozen axe "Frostbite" {freeze, freezing
                  | cloud, *Noise Fly rC+}
 74815 | Depths:3 | Found a transporter.
 75563 | Depths:4 | Anointed Garbold the priest as your apostle
 75728 | Depths:4 | Identified the +9 spear of Egioc {drain, ^Fragile rN++
                  | Dex+2 Stlth+}
 75771 | Depths:4 | Identified the +2 robe of the Five Underlurkers {rC+}
 75771 | Depths:4 | Noticed Boris
 75779 | Depths:4 | Killed Boris
 75790 | Depths:4 | Found Filunoda's Antique Armour Shop.
 75795 | Depths:4 | Bought a pair of glowing gloves for 390 gold pieces
 76128 | Depths:4 | Found a runed translucent door.
 76142 | Depths:4 | Your ally Murdo died
 76218 | Depths:4 | Found a runed translucent door.
 76420 | Depths:4 | Found a runed translucent door.
 76869 | Depths:4 | Found a runed translucent door.
 76883 | Depths:4 | Found a runed translucent door.
 77005 | Depths:4 | Found a runed translucent door.
 77160 | Depths:4 | Found a gate to the Realm of Zot.
 77437 | Depths:4 | Found Ohanirad's Magic Scroll Emporium.
 77445 | Depths:4 | Bought a scroll of revelation for 157 gold pieces
 77445 | Depths:4 | Bought a scroll of teleportation for 63 gold pieces
 77445 | Depths:4 | Bought a scroll of fog for 84 gold pieces
 77445 | Depths:4 | Bought a scroll of poison for 84 gold pieces
 77637 | Depths:4 | Found Meruck's Distillery.
 77646 | Depths:4 | Bought a potion of mutation for 176 gold pieces
 77646 | Depths:4 | Bought a potion of curing for 66 gold pieces
 77646 | Depths:4 | Bought a potion of heal wounds for 110 gold pieces
 77646 | Depths:4 | Bought a potion of curing for 66 gold pieces
 77646 | Depths:4 | Bought a potion of curing for 66 gold pieces
 77995 | Zig:1    | Entered Level 1 of a ziggurat
 78034 | Zig:2    | Entered Level 2 of a ziggurat
 78164 | Zig:3    | Entered Level 3 of a ziggurat
 78239 | Zig:4    | Entered Level 4 of a ziggurat
 78242 | Zig:4    | Found the +8 Wrath of Trog {antimagic, *Rage Rampage}
 78341 | Zig:4    | Identified the staff "Dragonbane" {rElec rN+ Int+5 Dex+3
                  | Necro}
 78357 | Zig:5    | Entered Level 5 of a ziggurat
 78366 | Zig:5    | Reached XP level 25. HP: 169/169 MP: 28/46
 78465 | Zig:5    | Identified the +0 leather armour of Qoqu {Str+3 Dex+4}
 78471 | Zig:6    | Entered Level 6 of a ziggurat
 78480 | Zig:6    | Reached skill level 15 in Fire Magic
 78578 | Zig:6    | Identified the ring "Woshuc" {rC+ rCorr Dex+3 SInv}
 78585 | Zig:6    | Reached XP level 26. HP: 176/176 MP: 46/46
 78587 | Zig:7    | Entered Level 7 of a ziggurat
 78681 | Zig:7    | Reached XP level 27. HP: 180/180 MP: 46/46
 78686 | Zig:8    | Entered Level 8 of a ziggurat
 78696 | Zig:8    | Found the +5 glaive of the Guard {elec, spectral}
 78855 | Zig:8    | Identified the +10 quick blade of Desarph {elec, rPois
                  | rCorr}
 78863 | Zig:8    | Identified the +9 falchion "Qiufus" {heavy, rN+ Str+3
                  | Dex+4}
 78872 | Zig:9    | Entered Level 9 of a ziggurat
 79000 | Zig:10   | Entered Level 10 of a ziggurat
 79015 | Zig:10   | Reached skill level 15 in Conjurations
 79398 | Vaults:5 | Entered Level 5 of the Vaults
 79439 | Vaults:5 | Your ally Murdo died
 79478 | Vaults:5 | Noticed a dread lich
 79493 | Vaults:5 | Identified the +4 robe of the Slightly Bent {rC+ rCorr}
 79493 | Vaults:5 | Noticed Boris
 79502 | Vaults:5 | Killed a dread lich
 79509 | Vaults:5 | Killed Boris
 79515 | Vaults:5 | Your ally Garbold died
 79545 | Vaults:5 | Noticed an ancient lich
 79549 | Vaults:5 | Killed an ancient lich
 79554 | Vaults:5 | Your ally Murdo died
 79583 | Vaults:5 | Reached skill level 5 in Dodging
 79603 | Vaults:5 | Found Nyepakk's Magic Scroll Boutique.
 79612 | Vaults:5 | Found Fibasm's Jewellery Shoppe.
 79826 | Vaults:5 | Found Boriel's Antique Weapon Emporium.
 79833 | Vaults:5 | Found Loutaysch's Antique Armour Shop.
 79838 | Vaults:5 | Bought an embroidered cloak for 337 gold pieces
 79910 | Vaults:5 | Identified the +0 ring mail "Nuedghezes" {Rampage Will+
                  | Stlth+}
 79915 | Vaults:5 | Identified the staff of Jeecwiz {rElec rC+ rCorr Int+3 Ice}
 80449 | Vaults:5 | Identified the amulet of Ewaph {-Tele rC- rN+++ Regen+
                  | Dex+3}
 80479 | Vaults:5 | Got a silver rune of Zot
 80751 | Vaults:5 | Identified the +7 shortbow of Bloody Death {drain, rC+
                  | Stlth+}
 81440 | Zot:1    | Entered Level 1 of the Realm of Zot
 81689 | Zot:3    | Found a runed translucent gate.
 81689 | Zot:3    | Found a runed translucent gate.
 81689 | Zot:3    | Found an ancient bone altar of Kikubaaqudgha.
 81689 | Zot:3    | Found a runed translucent gate.
 81689 | Zot:3    | Noticed Ickud's ghost (novice GrFi)
 81689 | Zot:3    | Noticed Olul's ghost (legendary MiFi)
 81689 | Zot:3    | Noticed Axujocy's ghost (master DsHu)
 81690 | Zot:3    | Noticed a dread lich
 81690 | Zot:3    | Noticed an ancient lich
 81914 | Zot:3    | Found the +4 dragonskin cloak {Aegis}
 81914 | Zot:3    | Noticed Tiamat
 81921 | Zot:3    | Reached skill level 5 in Stealth
 81925 | Zot:3    | Your ally Murdo died
 81931 | Zot:3    | Killed Tiamat
 82444 | Zot:5    | Entered Level 5 of the Realm of Zot
 82494 | Zot:5    | Your ally Murdo died
 82503 | Zot:5    | Noticed an ancient lich
 82513 | Zot:5    | Killed an ancient lich
 82527 | Zot:5    | Noticed an orb of fire
 82528 | Zot:5    | Noticed an orb of fire
 82528 | Zot:5    | Noticed an orb of fire
 82528 | Zot:5    | Noticed an orb of fire
 82528 | Zot:5    | Noticed an orb of fire
 82543 | Zot:5    | Gained mutation: You are frail. (-10% HP) [an orb of fire]
 82556 | Zot:5    | Reached skill level 10 in Stealth
 82558 | Zot:5    | Your ally Murdo died
 82559 | Zot:5    | Gained mutation: You have a pair of small horns on your
                  | head. [an orb of fire]
 82559 | Zot:5    | Your ally Garbold died
 82562 | Zot:5    | Noticed an orb of fire
 82563 | Zot:5    | Noticed an orb of fire
 82563 | Zot:5    | Noticed an orb of fire
 82563 | Zot:5    | Killed an orb of fire
 82566 | Zot:5    | Your ally Thorok died
 82567 | Zot:5    | Gained mutation: Your body sometimes deteriorates upon
                  | taking damage. [an orb of fire]
 82569 | Zot:5    | Gained mutation: You are partially covered in iridescent
                  | scales. (AC +2) [an orb of fire]
 83388 | Orc:2    | Bought a potion of heal wounds for 85 gold pieces
 83388 | Orc:2    | Bought a potion of haste for 170 gold pieces
 83388 | Orc:2    | Bought a potion of haste for 170 gold pieces
 83586 | Hell     | Entered the Vestibule of Hell
 83588 | Hell     | Noticed Geryon
 83596 | Hell     | Killed Geryon
 84876 | Zot:1    | Lost mutation: Your body sometimes deteriorates upon taking
                  | damage. [potion of mutation]
 84876 | Zot:1    | Lost mutation: You are frail. (-10% HP) [potion of
                  | mutation]
 84876 | Zot:1    | Lost mutation: You have a pair of small horns on your head.
                  | [potion of mutation]
 84876 | Zot:1    | Gained mutation: You are mostly covered in iridescent
                  | scales. (AC +4) [potion of mutation]
 84876 | Zot:1    | Gained mutation: You are completely covered in iridescent
                  | scales. (AC +6) [potion of mutation]
 84876 | Zot:1    | Lost mutation: You are completely covered in iridescent
                  | scales. (AC +6) [potion of mutation]
 84876 | Zot:1    | Gained mutation: You have a pair of small horns on your
                  | head. [potion of mutation]
 85266 | Zot:1    | You are sucked into a shaft and drop 1 floor!
 88776 | Zot:4    | Got Ifaenushu's Path to the Awakened Arts
 88823 | Zot:4    | Identified the ring of Niel {Fire Str+3}
 88996 | Zot:5    | Noticed an orb of fire
 89162 | Zot:4    | Killed an orb of fire
 89628 | Zot:5    | Killed an orb of fire
 89761 | Zot:5    | Killed an orb of fire
 89889 | Zot:5    | Killed an orb of fire
 90093 | Zot:5    | Gained mutation: You occasionally shout uncontrollably at
                  | your foes. [an orb of fire]
 90102 | Zot:5    | Killed an orb of fire
 90109 | Zot:5    | Gained mutation: You sometimes lose your temper in combat.
                  | [an orb of fire]
 90116 | Zot:5    | Killed an orb of fire
 90451 | Zot:5    | Gained mutation: You are weak. (Str -2) [an orb of fire]
 90458 | Zot:5    | Killed an orb of fire
 90613 | Zot:5    | Killed an orb of fire
 90743 | Zot:5    | Got the Orb of Zot
 90856 | Zot:3    | Noticed Imuev the pandemonium lord
 91149 | D:14     | Reached skill level 15 in Stealth
 91399 | D:$      | Escaped with the Orb!

Illustrated notes

Levels and vault maps discovered:
D:1:      denvon_arrival_waterhouse, layout_rooms, minmay_pentomino_u4
D:2:      layout_loops_ring, serial_shops, shop, uniq_sigmund, uniq_terence,
          uniq_jessica
D:3:      layout_basic, ebering_ecumenical_altar_sacrificial, serial_shops, shop
D:4:      minmay_spotlight, layout_loops_ring, nicolae_elyvilon_peaceful_grove
D:5:      layout_basic, nzn_wu_jian_contemplation, makhleb_blood_cavern_becter,
          uniq_ijyb, uniq_edmund
D:6:      layout_rooms
D:7:      wad_guarded_room, layout_loops_ring, mainiacjoe_overflow_24_doors,
          minmay_temple_entry_slanted
D:8:      layout_cave_pools, lair_entry_dummy
D:9:      layout_basic, chei_slow_surprise, lightli_bailey_entry_fortress
D:10:     layout_basic, mainiacjoe_overflow_boulevard, orc_0_dummy
D:11:     cheibrodos_orc_bank, layout_basic, minmay_hollow_rounded_squares
D:12:     layout_rooms
D:13:     cheibrodos_elevator_heist, layout_long_grid,
          hangedman_vaults_entry_quadrant_bands, dreamdust_wishing_well,
          nicolae_shop_gadgets, uniq_urug
D:14:     layout_gridville, nrook_uturn
D:15:     grunt_enter_depths_hoard, layout_cave_pools, minmay_variable_closet,
          serial_bayou_ford_a
Temple:   nicolae_temple_elliptical
Lair:1:   beast_lair_carwin_large_1, layout_regular_city,
          eino_small_chamber_without_monster, uniq_harold
Lair:2:   layout_gridlike, mainiacjoe_swamp_entry_lozenge_pond,
          nicolae_spider_entry_orb_guardian
Lair:3:   layout_long_grid, nicolae_volcano_entry_vermiform, grunt_megastairs_1
Lair:4:   layout_roguey, slime_entry_1, portal_ice_cave_entry_pillars_2,
          infiniplex_staircase_pool_2
Lair:5:   evilmike_catoblepas_cave, layout_loops_ring,
          nicolae_lair_grove_arrangements, infiniplex_staircase_pool,
          lemuel_fruit_fields
Swamp:1:  nicolae_swamp_ascending_descending, layout_falls_marsh,
          nicolae_swamp_trees_clearing, swamp_pool_1_2, uniq_aizul,
          uniq_mlioglotl, uniq_donald
Swamp:2:  layout_basic_swamp, evilmike_swamp_ruin_house_1,
          nicolae_swamp_long_stream, nicolae_swamp_tree_isthmus
Swamp:3:  layout_basic_swamp, evilmike_swamp_ruin_rubble_1, uniq_louise
Swamp:4:  grunt_swamp_rune_castle, layout_basic_swamp
Spider:1: layout_chambers
Spider:2: layout_spider_delve
Spider:3: layout_spider_delve
Spider:4: hellmonk_spider_rune_bug_friends, nicolae_spider_bzzzt
Orc:1:    layout_caves, nicolae_orc_hostile_takeover
Orc:2:    st_orc_open, layout_diamond_mine
Elf:1:    layout_loops_corners, guppyfry_library_mini,
          serial_sigils_hangedman_gut, uniq_frances
Elf:2:    nicolae_elf_blades_splatter_lattice
          [nicolae_blade_entry_floor_patterns], layout_gridlike,
          portal_desolation_entry_garden, drop_trap, minmay_librarian
Elf:3:    minmay_elf_hall_curves, layout_loops_cross, serial_shops, shop, shop,
          nicolae_shop_pleasant_corner_grove
Vaults:1: ontoclasm_vaults_ligature, vaults_mumra_minichess_inversion,
          lightli_church_of_beogh, vaults_dpeg_diagonal,
          nicolae_vaults_sesquioval_fish, nicolae_vaults_offset_grid_hallway_2,
          nicolae_vaults_ring_of_whatevers, nicolae_vaults_swerve,
          nicolae_vaults_puzzle_piece, nicolae_vaults_surprise_closet,
          nicolae_vaults_variable_pillar_hall, nicolae_vaults_more_shelving_2,
          v_misc_22, nicolae_vaults_tetromino_T_1, layout_vaults_omnicross
Vaults:2: hangedman_vaults_restitches, blue_anna_dwarven_crypt,
          hangedman_vaults_impose, vaults_mumra_lcd, st_lattice,
          ontoclasm_vaults_pinch, nicolae_vaults_tetromino_L_1,
          layout_vaults_quadrants, uniq_nikola
Vaults:3: nicolae_vaults_closet_pinwheel_1, nicolae_vaults_lightning_bolt,
          nicolae_vaults_frosty_reception, nicolae_vaults_network_quinsquares
          [nicolae_vaults_network_quincunx_subvault,
          nicolae_vaults_network_quincunx_subvault,
          nicolae_vaults_network_quincunx_subvault,
          nicolae_vaults_network_quincunx_subvault],
          nicolae_vaults_stairing_the_circle, vaults_room_stairs_pillars,
          nicolae_vaults_tetromino_L_1, nicolae_vaults_diamond_1,
          layout_vaults_chaotic_city
Vaults:4: vaults_room_fancy_cross, hangedman_vaults_cutoff,
          nicolae_vaults_storage_room_water, nicolae_vaults_house_1,
          nicolae_vaults_tetromino_T_2, serial_library_hellmonk_open_cross,
          nicolae_vaults_little_squares_4, nicolae_vaults_closet_pinwheel_6,
          nicolae_vaults_heart-shaped_vault, nicolae_vaults_network_quincunx
          [nicolae_vaults_network_quincunx_subvault,
          nicolae_vaults_network_quincunx_subvault,
          nicolae_vaults_network_quincunx_subvault,
          nicolae_vaults_network_quincunx_subvault,
          nicolae_vaults_network_quincunx_subvault],
          nicolae_vaults_weapon_check, nicolae_vaults_closet_pinwheel_3,
          layout_vaults_maze_snakey, uniq_boris
Vaults:5
Crypt:1:  layout_gridlike, nicolae_crypt_skullbonk
Crypt:2:  layout_gridlike, lemuel_upstairs_altar, uniq_mennas
Crypt:3:  due_elkab, layout_chaotic_city
Depths:1: layout_gridlike, lemuel_crystal_altar, abyss_entry_flame_altar,
          hell_entry, grunt_pan_entry_sceptre, nicolae_ru_path_of_blood
Depths:2: nicolae_fronds_of_death, layout_basic, ziggurat_fallback,
          serial_bayou, serial_bayou_lagoon_b, serial_bayou_lagoon_a,
          serial_bayou_pond_b, serial_bayou_lake_a, serial_bayou_pond_c,
          pan_entry, hell_entry
Depths:3: minmay_fractal_lines_corner, layout_cave_shapes, abyss_entry,
          kennysheep_nondescript, hangedman_tar_grid_catacomb, serial_shops,
          bzr_entry_road, shop, kennysheep_little_box, shop, shop,
          serial_sigils_hangedman_gut, nicolae_diode_basic,
          infiniplex_staircase_pool_1, nicolae_triple_integral, uniq_enchantress
Depths:4: evilmike_zot_entry_castle, layout_basic, hell_entry, serial_shops,
          shop, nicolae_shop_tiny_waterfront, nicolae_shop_rolling_square,
          grunt_decor_junction
Hell
Zot:1:    layout_basic, regret_index_zotdec_twisting_globes
Zot:2:    layout_cathedral_of_symmetry, hangedman_zot_decor_slant,
          regret_index_zotdec_slimy_original
Zot:3:    layout_cathedral_of_symmetry, gammafunk_ghost_crypt,
          regret_index_zotdec_banners, uniq_tiamat
Zot:4:    layout_onion_interference, st_small_dragon_hoard_3
Zot:5:    layout_basic

Skill      XL: |  1  2  3  4  5  6  7  8  9 10 11 12 13 14 15 16 17 18 19 20 21 22 23 24 25 26 27 |
---------------+----------------------------------------------------------------------------------+-----
Earth Magic    | 4 5 6 7 8 9 10 12 14 15 | 15.4
Conjurations   | 2 3 4 5 7 8 9 10 11 12 13 14 15 | 15.0
Fighting       | 1 2 3 4 5 7 8 10 11 12 13 14 15 16 17 18 19 20 24 | 24.1
Armour         | 1 2 3 4 5 7 |  7.0
Spellcasting   | 3 4 5 6 7 8 10 11 13 14 15 16 17 18 19 24 | 24.6
Shields        | 1 3 5 6 7 |  7.0
Dodging        | 2 7 |  7.0
Ice Magic      | 1 3 5 6 7 8 9 10 | 10.0
Evocations     | 2 3 4 5 6 7 8 9 |  9.0
Alchemy        | 4 7 8 9 |  9.0
Summonings     | 4 7 10 11 13 | 13.0
Necromancy     | 1 4 5 8 9 |  9.0
Invocations    | 4 6 8 9 |  9.0
Fire Magic     | 3 7 11 12 14 15 | 15.7
Hexes          | 1 |  1.2
Air Magic      | 1 3 |  3.0
Stealth        | 15 | 15.0

Action                     |  1- 3 |  4- 6 |  7- 9 | 10-12 | 13-15 | 16-18 | 19-21 | 22-24 | 25-27 || total
---------------------------+-------+-------+-------+-------+-------+-------+-------+-------+-------++-------
  Melee: Unarmed           |     1 |       |       |       |       |       |       |       |       ||     1
         Spear             |       |    13 |     1 |       |       |       |       |       |       ||    14
         Staff             |       |       |     4 |    20 |    32 |    68 |    91 |   114 |    47 ||   376
         Headbutt          |       |       |       |       |       |       |       |       |    21 ||    21
  Throw: Dart              |     3 |     4 |     3 |    18 |       |       |       |       |       ||    28
         Throwing net      |       |       |       |       |       |     1 |     7 |     2 |       ||    10
   Cast: Sandblast         |    45 |    49 |   151 |   254 |   355 |    43 |    23 |       |       ||   920
         Stone Arrow       |       |     4 |    18 |    55 |    88 |   147 |   214 |       |       ||   526
         Brom's Barrelling |       |       |     1 |     7 |     4 |       |     1 |       |       ||    13
         Summon Ice Beast  |       |       |       |    28 |    63 |    76 |    39 |    14 |       ||   220
         Permafrost Erupti |       |       |       |     1 |    43 |    73 |    76 |    21 |       ||   214
         Irradiate         |       |       |       |       |     2 |    27 |    39 |     1 |     9 ||    78
         Sculpt Simulacrum |       |       |       |       |     2 |     2 |       |       |       ||     4
         Borgnjor's Vile C |       |       |       |       |       |   216 |   216 |   231 |    50 ||   713
         Animate Dead      |       |       |       |       |       |     5 |    27 |    13 |    24 ||    69
         Spellforged Servi |       |       |       |       |       |       |    68 |    82 |    78 ||   228
         Bombard           |       |       |       |       |       |       |    35 |    19 |       ||    54
         Yara's Violent Un |       |       |       |       |       |       |       |    33 |    18 ||    51
         Haunt             |       |       |       |       |       |       |       |    36 |    87 ||   123
         Plasma Beam       |       |       |       |       |       |       |       |     6 |       ||     6
         Ignition          |       |       |       |       |       |       |       |    10 |    66 ||    76
         Lehudib's Crystal |       |       |       |       |       |       |       |       |     1 ||     1
 Invoke: Convert to Beogh  |       |       |     1 |       |       |       |       |       |       ||     1
         Recruit Apostle   |       |       |       |     2 |     2 |     2 |     3 |     3 |       ||    12
         Recall Apostles   |       |       |       |     2 |    10 |    19 |     7 |    17 |    11 ||    66
         Smiting           |       |       |       |       |     4 |     1 |     5 |     1 |       ||    11
         Dismiss Apostle   |       |       |       |       |     1 |     2 |     3 |     3 |       ||     9
         Blood for Blood   |       |       |       |       |     1 |     1 |     1 |     1 |     1 ||     5
  Evoke: Wand              |       |       |     5 |    30 |    20 |    36 |    50 |     9 |     7 ||   157
         Box of beasts     |       |       |       |     2 |     4 |     3 |     3 |     1 |       ||    13
         Lightning rod     |       |       |       |       |     4 |     4 |     9 |    14 |       ||    31
         Phantom mirror    |       |       |       |       |     2 |     2 |     2 |       |       ||     6
         Phial of floods   |       |       |       |       |     2 |     1 |     2 |     1 |       ||     6
         Condenser vane    |       |       |       |       |     2 |     2 |       |     2 |       ||     6
         Horn of Geryon    |       |       |       |       |       |       |       |       |     1 ||     1
    Use: Potion            |     1 |     1 |       |     6 |     5 |     4 |    10 |     4 |    28 ||    59
         Scroll            |       |     1 |     7 |     5 |    14 |    22 |     7 |    13 |    21 ||    90
   Stab: Distracted        |       |       |       |       |       |       |     1 |     7 |       ||     8
 Armour: Robe              |     5 |       |       |       |       |       |   217 |   444 |   335 ||  1001
         Ring mail         |     2 |    14 |    47 |   199 |   481 |   400 |   378 |       |       ||  1521
  Dodge: Dodged            |     3 |    11 |    32 |   108 |   215 |   156 |   213 |   170 |   196 ||  1104
  Block: Buckler           |       |       |    25 |   102 |   176 |   178 |   247 |   182 |   126 ||  1036
         Reflection        |       |       |    12 |    13 |    27 |    41 |    24 |    31 |    41 ||   189

Table legend: (Time is in decaauts)
 A = Elapsed time spent in this place.
 B = Non-inter-level travel time spent in this place.
 C = Inter-level travel time spent in this place.
 D = Time resting spent in this place.
 E = Time spent auto-exploring this place.
 F = Levels seen in this place.
 G = Mean time per level.
                   A        B        C        D        E       F      G
               +--------+--------+--------+--------+--------+-----+--------+
         Total |  92025 |  83915 |   8110 |  21987 |  42818 |  66 | 1394.3 |
       Dungeon |  19883 |  16656 |   3227 |   2739 |  10880 |  15 | 1325.5 |
        Temple |      1 |      1 |      0 |      0 |      0 |   1 |    1.0 |
          Lair |   9392 |   8562 |    830 |   2142 |   4564 |   5 | 1878.4 |
         Swamp |   5079 |   4952 |    127 |   1277 |   2681 |   4 | 1269.8 |
   Spider Nest |   7424 |   7036 |    388 |   2739 |   2915 |   4 | 1856.0 |
  Orcish Mines |   1299 |   1030 |    269 |    196 |    553 |   2 |  649.5 |
   Elven Halls |   5361 |   5169 |    192 |   1154 |   2494 |   3 | 1787.0 |
        Vaults |  16038 |  14636 |   1402 |   3306 |   8358 |   5 | 3207.6 |
         Crypt |   6458 |   5984 |    474 |   1922 |   2261 |   3 | 2152.7 |
        Depths |   9158 |   8539 |    619 |   2917 |   3702 |   4 | 2289.5 |
          Hell |     26 |     26 |      0 |      0 |      0 |   1 |   26.0 |
           Zot |   8626 |   8048 |    578 |   2725 |   2961 |   5 | 1725.2 |
      Ziggurat |   1157 |   1157 |      0 |      0 |    949 |  10 |  115.7 |
        Bazaar |    143 |    143 |      0 |      0 |    120 |   1 |  143.0 |
        Bailey |    384 |    384 |      0 |    180 |      0 |   1 |  384.0 |
      Ice Cave |     24 |     24 |      0 |      0 |      0 |   1 |   24.0 |
    Desolation |   1564 |   1564 |      0 |    688 |    380 |   1 | 1564.0 |
               +--------+--------+--------+--------+--------+-----+--------+

Top non-repeatable levels by time:
Vaults:1: 4901 daAuts
Vaults:2: 3509 daAuts
 Crypt:3: 3421 daAuts
Vaults:4: 3251 daAuts
  Lair:2: 2816 daAuts
Depths:4: 2721 daAuts
Spider:3: 2621 daAuts
Vaults:3: 2611 daAuts
Depths:1: 2546 daAuts
    D:13: 2474 daAuts
Spider:4: 2309 daAuts
Depths:2: 2274 daAuts
   Zot:4: 2180 daAuts
    D:11: 2055 daAuts
   Elf:2: 1992 daAuts
